 Dungeon Crawl Stone Soup version 0.19-a0-606-gee5277e (webtiles) character file.

19873 TheGoonsmith the Destroyer (level 12, 0/70 HPs)
             Began as a Gargoyle Fire Elementalist on June 12, 2016.
             Was a High Priest of Vehumet.
             Slain by a killer bee (5 damage)
             ... on level 4 of the Lair of Beasts.
             The game lasted 00:40:54 (15981 turns).

TheGoonsmith the Destroyer (GrFE)                  Turns: 15981, Time: 00:40:57

Health: 0/70       AC: 21    Str: 12    XL:     12   Next: 73%
Magic:  0/34       EV: 12    Int: 21    God:    Vehumet [*****.]
Gold:   832        SH:  7    Dex: 10    Spells: 7 memorised, 10 levels left

rFire  + . .     SeeInvis .     b - +0 flail (protect)
rCold  . . .     Gourm    .     j - +0 robe {rF+}
rNeg   + . .     Faith    .     k - +0 buckler
rPois  ∞         Spirit   .     P - +0 helmet
rElec  +         Dismiss  .     t - +0 cloak {rPois}
rCorr  .         Reflect  +     (no gloves)
SustAt .         Harm     .     n - +2 pair of boots
MR     +....     Rnd*Rage +     R - +3 amulet of reflection
Stlth  ++........               L - ring of magical power
                                D - ring of protection from magic

@: about to teleport, somewhat resistant to hostile enchantments, unstealthy
A: rugged brown scales 1, berserk 1, negative energy resistance 1, electricity
resistance, unbreathing, petrification resistance, rot immunity, AC +8
a: Renounce Religion


You were on level 4 of the Lair of Beasts.
You worshipped Vehumet.
Vehumet was extremely pleased with you.
You were not hungry.

You visited 3 branches of the dungeon, and saw 15 of its levels.
You also visited: Ossuary and Volcano.

You collected 1288 gold pieces.
You spent 456 gold pieces at shops.

Inventory:

Hand Weapons
 b - a +0 flail of protection (weapon)
 h - a +1 flail of crushing
 m - a +0 halberd of freezing
Armour
 j - a +0 robe of fire resistance (worn)
 k - a +0 buckler (worn)
 n - a +2 pair of boots (worn)
 t - a +0 cloak of poison resistance (worn)
 O - a +2 robe of cold resistance
 P - a +0 helmet (worn)
Magical Staves
 a - an uncursed staff of conjuration
Jewellery
 g - an uncursed ring of flight
 D - a ring of protection from magic (left hand)
 L - a ring of magical power (right hand)
 R - a +3 amulet of reflection (around neck)
Wands
 w - a wand of lightning (10/15)
 x - a wand of enslavement (13/24)
 y - a wand of teleportation (3/9)
 E - a wand of flame (23/48)
 G - a wand of slowing (38/48)
 H - a wand of enslavement (9/24)
 I - a wand of disintegration (8/24)
 M - a wand of lightning (7/15)
 T - a wand of teleportation (5/9)
 Y - a wand of digging (4/24)
Scrolls
 c - a scroll of enchant weapon
 e - 6 scrolls of identify
 f - 3 scrolls of fog
 l - 8 scrolls of remove curse
 r - 6 scrolls of teleportation
Potions
 d - 3 potions of heal wounds
 i - 4 potions of might
 o - a potion of berserk rage
 s - 2 potions of haste
 A - 3 potions of curing
 B - 2 potions of magic
 C - a potion of ambrosia
 K - a potion of brilliance
 N - 3 potions of agility
 U - a potion of resistance
Comestibles
 p - a royal jelly
 q - 11 meat rations
 J - a slice of pizza
 S - 9 fruits


   Skills:
 - Level 5.1 Fighting
 - Level 1.5 Dodging
 - Level 2.1 Stealth
 - Level 4.0 Shields
 + Level 9.8 Spellcasting
 - Level 11.5 Conjurations
 + Level 3.8 Hexes
 - Level 11.2 Fire Magic
 - Level 7.1 Earth Magic


You had 10 spell levels left.
You knew the following spells:

 Your Spells              Type           Power        Failure   Level  Hunger
a - Flame Tongue          Conj/Fire      #####        1%          1    None
b - Summon Butterflies    Summ           ##......     10%         1    None
c - Conjure Flame         Conj/Fire      ######..     1%          3    None
d - Tukima's Dance        Hex            ####....     4%          3    None
e - Stone Arrow           Conj/Erth      #####.       1%          3    None
f - Fireball              Conj/Fire      ######....   1%          5    ####...
s - Sticky Flame          Conj/Fire      ######..     1%          4    ##.....


Dungeon Overview and Level Annotations

Branches:
Dungeon (10/15)            Temple (1/1) D:7            Lair (4/6) D:10
 Shoals (0/4) Lair:2
  Snake: Lair:2-4    Spider: Lair:2-4       Orc: D:9-12

Altars:
Ashenzari
Cheibriados
Dithmenos
Elyvilon
Fedhas
Gozag
Hepliaklqana
Kikubaaqudgha
Makhleb
Nemelex Xobeh
Okawaru
Pakellas
Qazlal
Ru
Sif Muna
Trog
Uskayaw
Vehumet
Xom
Yredelemnul
Zin
The Shining One

Shops:
D:9 [*}


Innate Abilities, Weirdness & Mutations

You are resistant to torment.
Your stone body is resilient. (AC +8)
You are immune to poison.
You resist negative energy. (rN+)
You are resistant to electric shocks. (rElec)
You can survive without breathing.
You are immune to petrification.
You are immune to rotting.
You are partially covered in rugged brown scales. (AC +1, +3% HP)
You tend to lose your temper in combat.


Message History

Aim: a killer bee The flame tongue hits the killer bee.
The killer bee is moderately wounded.
The killer bee stings you but does no damage.
The killer bee stings you.
* * * LOW HITPOINT WARNING * * *
You block the killer bee's attack. x2
The killer bee stings you but does no damage. x2
Unknown command.
Okay, then.
Evoke which item? (* to show all) (? for menu, Esc to quit)
Zapping:
y - a wand of teleportation (4/9)
Press: ? - help, Shift-Dir - straight line, f - you, p - killer bee You feel strangely unstable.
This wand has 3 charges left.
The killer bee stings you.
* * * LOW HITPOINT WARNING * * *
The killer bee barely misses you. The killer bee closely misses you.
You block the killer bee's attack. The killer bee barely misses you.
The killer bee stings you.
You die...

#........#P##
#...........#
##...........#
##............. ##
#.............. #.
..†....†......# ##. #
#>†...........####
#yy...............
#@y...............
#................. .
#.................
..#######.................
..................†.......
...................†...÷.=
..................†......<
..........................
..........#.........##....


You could see 3 killer bees.

Vanquished Creatures
  A hydra (Lair:1)
  A centaur warrior (Volcano)
  Harold (Lair:2)
  An unseen horror (D:10)
  A hill giant (D:10)
  Pikel (D:5)
  A deep elf mage (D:10)
  3 black mambas
  5 spiny frogs
  A yaktaur (Volcano)
  A komodo dragon (Lair:2)
  2 trolls
  A two-headed ogre (D:8)
  5 blink frogs (Lair:4)
  Sigmund (D:6)
  12 yaks
  A spriggan (D:7)
  2 wyverns
  The ghost of wearedevo the Poker, an amateur NaWr (Ossuary)
  Eustachio (D:5)
  2 basilisks (Lair:1)
  3 hippogriffs
  Edmund (D:5)
  Menkaure (D:4)
  The ghost of TheGoonsmith the Conjurer, an amateur GrFE (D:4)
  3 water moccasins
  2 hell hounds (D:10)
  6 porcupines
  3 orc warriors
  A black bear (D:5)
  A phantom (D:6)
  A wasp (D:10)
  A sky beast (D:10)
  11 centaurs
  A necrophage (D:7)
  5 ogres
  6 crocodiles
  Blork the orc (D:5)
  A big kobold (D:9)
  The ghost of TheGoonsmith the Firebug, an amateur GrFE of Cheibriados (D:3)
  7 giant frogs
  2 scorpions
  13 killer bees (Lair:4)
  10 wights
  2 electric eels (Lair:1)
  6 howler monkeys
  7 crimson imps
  6 lava snakes (Volcano)
  2 centaur zombies (D:8)
  A jelly (D:10)
  7 orc priests
  Crazy Yiuf (D:2)
  A giant frog skeleton (D:8)
  4 hounds
  9 iguanas
  Jessica (D:3)
  A centaur skeleton (D:4)
  10 orc wizards
  8 worker ants
  5 sheep (Lair:4)
  A hound skeleton (D:7)
  8 mummies (Ossuary)
  3 gnolls (D:7)
  7 adders
  35 river rats
  A shadow imp (D:9)
  2 oozes (D:2)
  2 adder skeletons
  6 worms
  3 giant geckos
  37 orcs
  2 ball pythons
  5 bats
  7 giant cockroaches
  2 gnoll zombies (Ossuary)
  7 goblins
  6 hobgoblins
  4 jackals (D:7)
  8 kobolds
  6 quokkas
  5 giant newts
  2 hobgoblin zombies (Ossuary)
  3 kobold zombies (Ossuary)
  An orc zombie (Ossuary)
  8 rats
  A fungus (Lair:3)
370 creatures vanquished.

Vanquished Creatures (others)
  A sky beast (D:5)
  A slave (D:5)
  A centaur (D:10)
  2 fungi
  A plant (Lair:4)
  A withered plant (D:9)
7 creatures vanquished.

Grand Total: 377 creatures vanquished

Notes
Turn   | Place    | Note
--------------------------------------------------------------
     0 | D:1      | TheGoonsmith the Gargoyle Fire Elementalist began the quest for the Orb.
     0 | D:1      | Reached XP level 1. HP: 10/10 MP: 3/3
   242 | D:1      | Reached XP level 2. HP: 15/15 MP: 1/5
  1363 | D:2      | Reached XP level 3. HP: 19/19 MP: 4/6
  2283 | D:2      | Reached XP level 4. HP: 24/24 MP: 4/7
  2395 | D:2      | Noticed Crazy Yiuf
  2399 | D:2      | Killed Crazy Yiuf
  2566 | D:3      | Learned a level 3 spell: Conjure Flame
  2571 | D:3      | Learned a level 4 spell: Sticky Flame
  2875 | D:3      | Found a snail-covered altar of Cheibriados.
  2892 | D:3      | Noticed TheGoonsmith's ghost (amateur GrFE)
  2907 | D:3      | Found a sacrificial altar of Ru.
  3006 | D:3      | Noticed Jessica
  3008 | D:3      | Killed Jessica
  3008 | D:3      | Reached XP level 5. HP: 28/28 MP: 5/8
  3464 | D:3      | Killed TheGoonsmith's ghost
  3464 | D:3      | Reached skill level 5 in Fire Magic
  3464 | D:3      | Reached XP level 6. HP: 24/32 MP: 0/10
  3898 | D:4      | Noticed Menkaure
  3905 | D:4      | Killed Menkaure
  3905 | D:4      | Reached XP level 7. HP: 24/36 MP: 4/12
  3927 | D:4      | Noticed TheGoonsmith's ghost (amateur GrFE)
  4009 | D:4      | Killed TheGoonsmith's ghost
  4009 | D:4      | Reached skill level 5 in Conjurations
  4350 | D:5      | Entered Level 5 of the Dungeon
  4446 | D:5      | Noticed Edmund
  4472 | D:5      | Noticed Eustachio
  4472 | D:5      | Killed Edmund
  4472 | D:5      | Reached XP level 8. HP: 41/41 MP: 0/14
  4580 | D:5      | Killed Eustachio
  5095 | D:5      | Learned a level 5 spell: Fireball
  5126 | D:5      | Noticed Pikel
  5132 | D:5      | Killed Pikel
  5132 | D:5      | Reached XP level 9. HP: 45/45 MP: 7/16
  5207 | D:5      | Noticed Blork the orc
  5214 | D:5      | Killed Blork the orc
  5483 | D:6      | Noticed Sigmund
  5491 | D:6      | Killed Sigmund
  5491 | D:6      | Reached skill level 5 in Spellcasting
  5498 | D:6      | Found a sand-covered staircase.
  5503 | Ossuary  | Entered an ossuary
  5503 | Ossuary  | Noticed wearedevo's ghost (amateur NaWr)
  5511 | Ossuary  | Killed wearedevo's ghost
  5579 | Ossuary  | Gained mutation: You tend to lose your temper in combat. [potion of mutation]
  5579 | Ossuary  | Gained mutation: You are partially covered in rugged brown scales. (AC +1, +3% HP) [potion of mutation]
  6192 | D:6      | Found an opulent altar of Gozag.
  6389 | D:6      | Found a shattered altar of Ashenzari.
  6491 | D:6      | Found a sparkling altar of Nemelex Xobeh.
  6515 | D:6      | Reached skill level 1 in Shields
  7286 | D:7      | Found a staircase to the Ecumenical Temple.
  7619 | D:8      | Reached XP level 10. HP: 28/59 MP: 5/17
  7802 | D:8      | Reached skill level 5 in Fighting
  7909 | Temple   | Entered the Ecumenical Temple
  7975 | Temple   | Became a worshipper of Vehumet
  8717 | D:8      | Found a hazy altar of Hepliaklqana.
  8718 | D:8      | Found an iron altar of Okawaru.
  8718 | D:8      | Found a basalt altar of Yredelemnul.
  8720 | D:8      | Found a glowing silver altar of Zin.
  9204 | D:9      | Found a blossoming altar of Fedhas.
  9207 | D:9      | Found an ancient bone altar of Kikubaaqudgha.
  9293 | D:9      | HP: 3/60 [yak (7)]
  9595 | D:9      | Reached * piety under Vehumet
  9595 | D:9      | Offered knowledge of Sting by Vehumet.
  9808 | D:9      | Found Ruuxzyme's Gadget Emporium.
  9827 | D:9      | Found Hiedosen's Assorted Antiques.
  9840 | D:9      | Reached skill level 10 in Conjurations
  9879 | D:9      | Bought a thick glowing staff for 288 gold pieces
  9879 | D:9      | Bought a scroll of identify for 48 gold pieces
  9879 | D:9      | Bought a potion of heal wounds for 120 gold pieces
  9882 | D:9      | Found Cate's Armour Shop.
 10106 | D:9      | Reached skill level 10 in Fire Magic
 10559 | D:9      | Found a burning altar of Makhleb.
 10790 | D:10     | Entered Level 10 of the Dungeon
 10882 | D:10     | Reached XP level 11. HP: 64/64 MP: 13/20
 10885 | D:10     | Reached ** piety under Vehumet
 10885 | D:10     | Offered knowledge of Sandblast by Vehumet.
 11122 | D:10     | Learned a level 1 spell: Summon Butterflies
 11126 | D:10     | Learned a level 3 spell: Tukima's Dance
 11132 | D:10     | Noticed a hill giant
 11139 | D:10     | Killed a hill giant
 11232 | D:10     | Noticed a deep elf mage
 11240 | D:10     | Noticed a hill giant
 11248 | D:10     | Killed a deep elf mage
 11392 | D:10     | Found a staircase to the Lair.
 11541 | D:10     | Got a smelly ring mail
 11542 | D:10     | Identified the +1 ring mail of Qazlal's Fury {*Drain Str+2 Dex+2} (You found it on level 10 of the Dungeon)
 11724 | D:10     | Noticed an unseen horror
 11726 | D:10     | Killed an unseen horror
 11726 | D:10     | Offered knowledge of Throw Frost by Vehumet.
 12262 | Lair:1   | Entered Level 1 of the Lair of Beasts
 12402 | Lair:1   | Reached *** piety under Vehumet
 12663 | Lair:1   | Offered knowledge of Stone Arrow by Vehumet.
 12688 | Lair:1   | Learned a level 3 spell: Stone Arrow
 12798 | Lair:1   | Noticed a four-headed hydra
 12803 | Lair:1   | Killed a four-headed hydra
 13537 | Lair:2   | Reached skill level 5 in Earth Magic
 13537 | Lair:2   | Reached XP level 12. HP: 36/70 MP: 20/23
 13761 | Lair:2   | Found a dark tunnel.
 13766 | Volcano  | Entered a volcano
 14045 | Volcano  | Found a burning altar of Makhleb.
 14045 | Volcano  | Noticed a centaur warrior
 14072 | Volcano  | Killed a centaur warrior
 14072 | Volcano  | Reached **** piety under Vehumet
 14245 | Lair:2   | Noticed Harold
 14250 | Lair:2   | Killed Harold
 14336 | Lair:2   | Found a staircase to the Shoals.
 14444 | Lair:2   | Found an iron altar of Okawaru.
 14455 | Lair:2   | Offered knowledge of Dazzling Spray by Vehumet.
 15115 | Lair:3   | Reached skill level 1 in Hexes
 15500 | Lair:3   | Reached ***** piety under Vehumet
 15722 | Lair:4   | Offered knowledge of Lee's Rapid Deconstruction by Vehumet.
 15981 | Lair:4   | Slain by a killer bee

Vault maps used:
D:1:      elethiomel_arrival_shortcut, grunt_decor_cap
D:2:      uniq_crazy_yiuf_cottage
D:3:      nicolae_overflow_crystal_walls, lemuel_doored_altar, uniq_jessica
D:4:      first_bread, uniq_menkaure
D:5:      uniq_eustachio, uniq_edmund, uniq_pikel, uniq_blork_the_orc
D:6:      kennysheep_mini_moat, kennysheep_little_box,
          nicolae_overflow_hidden_temple, nicolae_ossuary_entry_false_entrances,
          serial_glass, glass_columns_c, glass_columns_a, uniq_sigmund
D:7:      minmay_temple_entry_metal_lava, the_bakery
D:8:      grunt_temple_overflow_open
D:9:      grunt_temple_overflow_growth_and_decay, lightli_temple_of_fire,
          serial_shops, shop, shop, shop_coins
D:10:     kennysheep_ambush_hall, minmay_lair_entry_lava
Temple:   roderic_octagonal_lattice_temple
Lair:1:   serial_bayou_shore_b, grunt_megastairs_3, lemuel_fruit_tree,
          serial_bayou_shore_a, bh_autumn_forest_stairs
Lair:2:   shoals_dummy_entry, nicolae_volcano_entry_s_turn,
          lemuel_centaur_altar, uniq_harold
Lair:3:   beast_lair_carwin_3, infiniplex_staircase_pool
Lair:4:   dummy_snake_entry, special_room, ice2_lemuel
Ossuary:  ossuary_tomb_3
Volcano:  volcano_grotto

Skill      XL: |  1  2  3  4  5  6  7  8  9 10 11 12 |
---------------+-------------------------------------+-----
Conjurations   | 2 3 4 6 7 8 10 11 | 11.5
Fire Magic     | 4 5 6 7 8 10 11 | 11.2
Spellcasting   | 3 4 5 6 7 9 |  9.8
Shields        | 4 |  4.0
Fighting       | 4 5 |  5.1
Earth Magic    | 5 7 |  7.1
Hexes          | 3 |  3.8
Dodging        | |  1.5
Stealth        | |  2.1

Action                   |  1- 3 |  4- 6 |  7- 9 | 10-12 || total
-------------------------+-------+-------+-------+-------++-------
Melee: Unarmed           |    22 |       |       |       ||    22
       Club              |     4 |       |       |       ||     4
       Mace              |       |    38 |     1 |       ||    39
       Flail             |       |       |   114 |   144 ||   258
       Halberd           |       |       |    88 |       ||    88
       Staff             |       |       |       |     6 ||     6
 Cast: Flame Tongue      |    72 |    82 |   181 |   497 ||   832
       Sticky Flame      |       |       |    10 |    51 ||    61
       Fireball          |       |       |     1 |    40 ||    41
       Conjure Flame     |       |       |       |     2 ||     2
       Stone Arrow       |       |       |       |    12 ||    12
Evoke: Wand              |       |       |       |    12 ||    12
  Use: Potion            |       |     4 |     2 |     2 ||     8
       Scroll            |       |       |    14 |    12 ||    26
  Eat: Chunk             |     5 |     6 |    11 |    25 ||    47
       Bread ration      |       |       |     1 |     4 ||     5
Armor: Robe              |    15 |    24 |   145 |   191 ||   375
Dodge: Dodged            |    18 |    42 |   153 |   227 ||   440
Block: Other             |       |     6 |    27 |       ||    33
       Buckler           |       |       |    31 |   177 ||   208
       Reflection        |       |       |     3 |    10 ||    13
